[Event "Late-Titled-Tuesday-Blitz-October-10-2023"]
[Site "Chess.com"]
[Date "2023.10.10"]
[Round "5"]
[White "StarkyNZ"]
[Black "Korchmar_Vasiliy"]
[Result "1/2-1/2"]
[WhiteElo "2359"]
[BlackElo "2762"]
[TimeControl "180+1"]
[EndTime "14:52:42 PDT"]
[Termination "Game drawn by repetition"]

1. Nf3 d5 2. d4 Nf6 3. c4 e6 4.
Nc3 dxc4 5. e4 b5 6. e5 Nd5 7. Nxb5 Nb6 8. Be2 Qd7 9. Nc3 Bb7 10. O-O Nc6 11. Be3 Be7 12. Rc1 O-O 13. Qc2 Nb4 14. Qb1 a5 15. a3 Nd3 16. Rc2 Nd5 17. Nxd5 Bxd5 18. Nd2 Rfb8 19. Nxc4 Bxc4 20. Rxc4 Nxb2 21.
Rc3 Nc4 22. Qe4 Nxa3 23. Bh6 Nb5 24. Rg3 g6 25. Rd1 a4 26. h4 Qd5 27. Qf4 a3 28. Rf3 Rf8 29. Bxf8 Rxf8 30. Bxb5 Qxb5 31. Qc1 a2 32. h5 Ra8 33. hxg6 fxg6 34. Qf4 Qb1 35.
Qf7+ Kh8 36. Qxe7 Qxd1+ 37. Kh2 Qxf3 38. gxf3 a1=Q 39. Qf6+ Kg8 40. Qxe6+ Kf8 41. Qf6+ Kg8 42. Qe6+ Kf8 43. Qf6+ Kg8 44. Qe6+ 1/2-1/2

[Event "Late-Titled-Tuesday-Blitz-October-10-2023"]
[Site "Chess.com"]
[Date "2023.10.10"]
[Round "5"]
[White "nicholas_ilic"]
[Black "hakanazeri2"]
[Result "1-0"]
[WhiteElo "2328"]
[BlackElo "2607"]
[TimeControl "180+1"]
[EndTime "14:52:42 PDT"]
[Termination "nicholas_ilic won on time"]

1. e4 c5 2. b3 Nf6 3. Nc3 Nc6 4. Bb2 d5 5. exd5 Nxd5 6. Bb5 Nxc3 7. Bxc3 Qb6 8. Qe2 Bd7 9. Nf3 e6 10. O-O a6 11.
Bxc6 Bxc6 12. Ne5 Be7 13. Rae1 Bf6 14. Nxf7 Kxf7 15. Qxe6+ Kg6 16. Re3 Qc7 17. Rg3+ Qxg3 18. hxg3 h5 19. Bxf6 gxf6 20. f4 Rae8 21. f5+ Kg7 22. Qd6 Re5 23. Qc7+ Kf8 24. c3 Rg8 25. Rf2 Rxg3 26. d4 cxd4 27. cxd4 Re1+ 28. Kh2 Rg7 29.
Qd8+ Kf7 30. d5 Rg8 31. Qc7+ Re7 32. Qd6 Bb5 33. Qc5 Rg4 34. d6 Rh4+ 35. Kg3 Rg4+ 36. Kh3 Rd7 37. Qd5+ Kg7 38. Qe6 Rg5 39. Rc2 1-0

[Event "Late-Titled-Tuesday-Blitz-October-10-2023"]
[Site "Chess.com"]
[Date "2023.10.10"]
[Round "5"]
[White "Fandorine"]
[Black "SpeedofLight0"]
[Result "1-0"]
[WhiteElo "2940"]
[BlackElo "3010"]
[TimeControl "180+1"]
[EndTime "14:52:45 PDT"]
[Termination "Fandorine won by resignation"]

1. g3 Nf6 2. Bg2 d5 3. c4 dxc4 4. Nf3 a6 5. O-O b5 6. Ne1 c6 7. d3 e6 8. Qc2 cxd3 9. Nxd3 Bb7 10. Rd1 Qc8 11. Bg5 Nbd7 12. Nd2 c5 13. Bxb7 Qxb7 14. Bxf6 gxf6 15. a4 Be7 16. Nf4 f5 17. e4 fxe4 18. Nxe4 O-O 19. Nd6 Qc6 20. axb5 axb5 21. Rxa8 Rxa8 22.
Nxf7 e5 23. Nd5 Re8 24. Qf5 Nf8 25. Nxe5 Qe6 26. Qh5 Bd6 27. Qxe8 Qxe8 28. Nf6+ Kh8 29. Nxe8 Bxe5 30. b3 Ne6 31. Re1 Nd4 32. Kg2 Bb8 33.
Nf6 Kg7 34. Nd7 Bd6 35. Rd1 Kf7 36. b4 Ke6 37. Nxc5+ Ke5 38. f4+ Kd5 39. Nb3 Kc4 40. Nxd4 Bxb4 41. Kf3 Bc3 42. Nxb5 Kxb5 43. Ke4 Kc4 44.
Rd5 Bf6 45. Rh5 h6 46. Rxh6 Bg7 47. Rh5 Bh6 48. Rxh6 1-0

[Event "Late-Titled-Tuesday-Blitz-October-10-2023"]
[Site "Chess.com"]
[Date "2023.10.10"]
[Round "5"]
[White "SchachmattTV_Tobi"]
[Black "UK_23"]
[Result "0-1"]
[WhiteElo "2541"]
[BlackElo "2387"]
[TimeControl "180+1"]
[EndTime "14:52:45 PDT"]
[Termination "UK_23 won by resignation"]

1. e4 e5 2. Bc4 Nf6 3. Nc3 Nc6 4. d3 Bb4 5. Ne2 d5 6. exd5 Nxd5 7. O-O Nxc3 8.
Nxc3 O-O 9. Kh1 Bxc3 10. bxc3 Qe7 11. f4 Be6 12. Bb5 exf4 13. Bxf4 Qc5 14. Bxc6 Qxc6 15.
c4 Rad8 16. Qh5 b6 17. Rae1 Rfe8 18. h3 f6 19. Kh2 Bf7 20. Qg4 Kf8 21. Qg3 Rd7 22.
Rxe8+ Bxe8 23. Re1 Bf7 24. Re3 a5 25. Qe1 Qc5 26.
Qg3 g5 27. d4 gxf4 28. dxc5 fxg3+ 29. Kxg3 bxc5 30. Ra3 Bxc4 31. Rxa5 Be6 32. Rxc5 Kf7 33. a4 Rd4 34. Rxc7+ Kg6 35. a5 Ra4 36. Rc5 Ra2 37. Kf4 Kf7 38. Ke3 Ke7 39. Kd4 Kd6 40. g4 Ra4+ 41.
c4 Ra1 42. Rb5 Rd1+ 43. Kc3 Rc1+ 44. Kd2 Rxc4 45. Kd3 Ra4 46. Rb6+ Ke5 47. Rb5+ Bd5 48. Kc3 Ra3+ 49. Kb4 Rb3+ 50. Kc5 Rxb5+ 51. Kxb5 Bg2 52.
h4 Kf4 53. g5 fxg5 54. hxg5 Kxg5 0-1

[Event "Late-Titled-Tuesday-Blitz-October-10-2023"]
[Site "Chess.com"]
[Date "2023.10.10"]
[Round "5"]
[White "EsmeraldasAnderson03"]
[Black "CraiggoryC"]
[Result "0-1"]
[WhiteElo "2418"]
[BlackElo "2265"]
[TimeControl "180+1"]
[EndTime "14:52:46 PDT"]
[Termination "CraiggoryC won by checkmate"]

1. d4 e6 2. c4 Nf6 3. Nc3 d5 4. cxd5 exd5 5. Qc2 c6 6. Bg5 Be7 7. e3 O-O 8. Bd3 Nbd7 9. Nf3 Re8 10. O-O Nf8 11. Rab1 a5 12. a3 Ng6 13. b4 Bd6 14.
Na4 h6 15. Bxh6 gxh6 16. Bxg6 fxg6 17. Qxg6+ Kh8 18. Qxh6+ Nh7 19. Nb6 Re6 20. Qh5 Qxb6 21. Ng5 Re7 22. Nf7+ Rxf7 23. Qxf7 axb4 24. Qe8+ Kg7 25.
axb4 Nf6 26. Ra1 Rxa1 27. Qxc8 Rxf1+ 28. Kxf1 Qb5+ 29. Kg1 Qxb4 30. g3 Qb1+ 31. Kg2 Qe4+ 32. Kg1 Qe7 33. h4 Qd7 34. Qa8 b5 35. Qa6 b4 36.
Qd3 Qb7 37. g4 b3 38. h5 b2 39. Qg6+ Kf8 40. Qxf6+ Ke8 41. Qxd6 b1=Q+ 42. Kg2 Qe4+ 43.
Kg3 Qee7 44. Qg6+ Qf7 45. Qh6 Qbc7+ 46. f4 Kd8 47. g5 Qce7 48. Kf2 Qee6 49. Qh8+ Kd7 50.
g6 Qfe7 51. g7 Qxe3+ 52. Kg2 Q7e4+ 53. Kh2 Q4xf4+ 54. Kh1 Qe1+ 55. Kg2 Qeg3+ 56. Kh1 Qh2# 0-1

[Event "Late-Titled-Tuesday-Blitz-October-10-2023"]
[Site "Chess.com"]
[Date "2023.10.10"]
[Round "5"]
[White "Dr_crypt"]
[Black "aNaartjieZA"]
[Result "0-1"]
[WhiteElo "2399"]
[BlackElo "2555"]
[TimeControl "180+1"]
[EndTime "14:52:49 PDT"]
[Termination "aNaartjieZA won by resignation"]

1. Nf3 Nf6 2. d4 c5 3. c3 b6 4.
Bg5 Ne4 5. Bh4 Bb7 6. e3 g6 7. Nbd2 Nxd2 8. Qxd2 Bg7 9. Bd3 O-O 10. O-O d6 11. a4 Nc6 12. d5 Ne5 13. Nxe5 Bxe5 14.
e4 a6 15. f4 Bg7 16. c4 Qd7 17. Rae1 e6 18. f5 exf5 19. exf5 Rfe8 20. f6 Qg4 21.
Bg3 Bf8 22. Rf4 Qg5 23. Qf2 b5 24. h4 Qh5 25. b3 bxc4 26. bxc4 Rad8 27. Rfe4 Rxe4 28. Rxe4 Qd1+ 29. Kh2 Qxd3 30. Qf4 Bc8 31. h5 Bf5 32. Re3 Qd4 33. Qf2 Bh6 34. Rf3 Qxf2 35. Rxf2 Bd3 36. hxg6 hxg6 37. Rb2 Bxc4 38. Rb6 Bf8 39.
a5 g5 40. Rb7 Bxd5 41. Ra7 Bc4 42. Rb7 Kh7 43. Kg1 Kg6 44. Kf2 Kxf6 45. Ke3 Bb5 46.
Kd2 d5 47. Rxb5 axb5 48. a6 Ra8 0-1

[Event "Late-Titled-Tuesday-Blitz-October-10-2023"]
[Site "Chess.com"]
[Date "2023.10.10"]
[Round "5"]
[White "sergoy"]
[Black "TheBigBoss04"]
[Result "0-1"]
[WhiteElo "2965"]
[BlackElo "2755"]
[TimeControl "180+1"]
[EndTime "14:52:50 PDT"]
[Termination "TheBigBoss04 won by checkmate"]

1. d4 d5 2. c4 e6 3. Nf3 a6 4. cxd5 exd5 5. Nc3 Nf6 6. Bg5 Be6 7. Bxf6 Qxf6 8.
Qb3 Ra7 9. h4 h6 10. g3 Qd8 11.
Bg2 Bd6 12. O-O c6 13. Qc2 O-O 14. e4 dxe4 15. Nxe4 Bf5 16. Rfe1 Nd7 17. Qb3 Bxe4 18. Rxe4 Nf6 19. Re2 a5 20. Ne5 a4 21. Qc4 Ra5 22.
Rae1 Nd5 23. Qc2 a3 24. Nc4 Ra8 25. Bxd5 cxd5 26. Nxd6 Qxd6 27. b3 Rac8 28. Qf5 g6 29.
Qf3 Qb4 30. Rd1 Rce8 31. Re5 Rxe5 32. dxe5 Qe4 33. Qf6 h5 34. Qd6 Rc8 35. Qxa3 Qxe5 36. Qb4 Rc2 37. Re1 Qf5 38. Qd4 f6 39. Re8+ Kf7 40.
Qe3 Qd7 41. Rh8 d4 42. Qh6 Qd5 43. Qf8+ Ke6 44. Rg8 Rc1+ 45. Kh2 Qh1# 0-1

[Event "Late-Titled-Tuesday-Blitz-October-10-2023"]
[Site "Chess.com"]
[Date "2023.10.10"]
[Round "5"]
[White "protectiago"]
[Black "Cambek64"]
[Result "0-1"]
[WhiteElo "2075"]
[BlackElo "2400"]
[TimeControl "180+1"]
[EndTime "14:52:51 PDT"]
[Termination "Cambek64 won by resignation"]

1. d4 f5 2. c4 Nf6 3. g3 g6 4. Bg2 Bg7 5. Nf3 O-O 6. O-O d6 7. b3 Qe8 8. Bb2 c6 9. Nbd2 h6 10. Re1 g5 11. h4 Qg6 12. hxg5 hxg5 13. Qc2 Na6 14. a3 Bd7 15. Rad1 Rae8 16. Qb1 Ng4 17. Qa1 Bc8 18. d5 c5 19. Bxg7 Qxg7 20. Qxg7+ Kxg7 21.
e4 Kg6 22. exf5+ Bxf5 23. Ne4 Bxe4 24. Rxe4 Nf6 25. Re2 Nc7 26. Rde1 Ng8 27. Bh3 Rxf3 28. b4 b6 29. Kg2 Rxa3 30. bxc5 bxc5 31. Rb2 Na6 32.
Bd7 Rf8 33. Re6+ Rf6 34. Re4 Nb4 35. f4 gxf4 36. gxf4 Kg7 37. f5 Kf8 38. Rg4 Ra2 39. Rxa2 Nxa2 40. Kf3 Nh6 41. Rg2 Nb4 42. Ke4 Nf7 43. Rh2 a6 44. Be6 Rh6 45. Rg2 Rh4+ 46. Ke3 Rh3+ 47. Kd2 Rd3+ 48. Kc1 Rd4 49. Kb2 Rxc4 50.
Kb3 Rd4 51. Rf2 Nxd5 52. f6 Nxf6 0-1

[Event "Late-Titled-Tuesday-Blitz-October-10-2023"]
[Site "Chess.com"]
[Date "2023.10.10"]
[Round "5"]
[White "Levanzovsky"]
[Black "Andrej2004"]
[Result "1-0"]
[WhiteElo "2438"]
[BlackElo "2575"]
[TimeControl "180+1"]
[EndTime "14:52:52 PDT"]
[Termination "Levanzovsky won by resignation"]

1. e4 e5 2. Nf3 Nc6 3. Nc3 Nf6 4. d4 exd4 5. Nxd4 Bb4 6. Nxc6 bxc6 7. Bd3 d5 8. Bd2 O-O 9. O-O Rb8 10. Re1 dxe4 11.
Nxe4 Nxe4 12. Rxe4 Bxd2 13. Qxd2 Rxb2 14. Qc3 Rb6 15.
a4 Bf5 16. a5 Bxe4 17. axb6 Bxd3 18. bxa7 Ba6 19. Qxc6 Qd4 20. Qxa6 Ra8 21. h3 g6 22. Ra4 Qd1+ 23. Kh2 Qd6+ 24. Qxd6 cxd6 25. Kg3 Kf8 26. Kf4 Ke7 27. Ke4 Ke6 28. Kd4 h6 29. Kc4 Kd7 30. Kd5 Kc7 31. g4 Kd7 32. Ra6 Kc7 33.
Rc6+ Kb7 34. Rxd6 Kxa7 35. Rd7+ Kb6 36. Rxf7 Ra2 37. Rf6+ Kc7 38. Rxg6 Rxc2 39. f4 Rd2+ 40. Ke5 h5 41. f5 hxg4 42. hxg4 Kd7 43. Re6 Rg2 44.
Kf4 Rf2+ 45. Kg5 Rh2 46. Kg6 Rh1 47. g5 Rh2 48. Kf6 Rh8 49. g6 Rf8+ 50. Kg5 Rg8 51. Re1 Ra8 52. g7 Ra2 53. f6 Rg2+ 54. Kh4 Rh2+ 55.
Kg3 Re2 56. Rxe2 1-0

[Event "Late-Titled-Tuesday-Blitz-October-10-2023"]
[Site "Chess.com"]
[Date "2023.10.10"]
[Round "5"]
[White "nitpicker"]
[Black "familijatop71"]
[Result "1-0"]
[WhiteElo "2272"]
[BlackElo "2147"]
[TimeControl "180+1"]
[EndTime "14:52:52 PDT"]
[Termination "nitpicker won by resignation"]

1. d4 Nf6 2. c4 e5 3. dxe5 Ne4 4. a3 d6 5. Nf3 Nc6 6. e3 a5 7. Qc2 Nc5 8. exd6 Bxd6 9. b3 b6 10.
Bb2 Bb7 11. Be2 Qe7 12. Nc3 O-O-O 13. Nb5 Rhg8 14. O-O-O Ne4 15. Rhf1 f5 16. Kb1 g5 17.
h3 h5 18. Nfd4 Ne5 19. Nxf5 Qe6 20. Nfxd6+ Nxd6 21.
Nxd6+ Rxd6 22. Rxd6 Qxd6 23. Rd1 Qe6 24. f3 g4 25.
hxg4 hxg4 26. f4 Nd7 27. Qd2 Nc5 28. Ka2 Re8 29. Bd4 Bxg2 30. Bxc5 bxc5 31. Qxa5 Bb7 32. Rd3 g3 33. Bf1 g2 34. Bxg2 Bxg2 35. Qxc5 Bb7 36.
Qd4 Qe7 37. b4 Rd8 38. Qxd8+ Qxd8 39. Rxd8+ Kxd8 40. Kb2 Ke7 41. Kc3 Kf6 42. Kd4 Bc6 43.
b5 Bb7 44. a4 Bc8 45. a5 Bb7 46. c5 Bc8 47. c6 Ke6 48. b6 cxb6 49. axb6 Kd6 50. b7 Bxb7 51. cxb7 Kc7 52. f5 1-0

[Event "Late-Titled-Tuesday-Blitz-October-10-2023"]
[Site "Chess.com"]
[Date "2023.10.10"]
[Round "5"]
[White "Jospem"]
[Black "Grischuk"]
[Result "1-0"]
[WhiteElo "3120"]
[BlackElo "2981"]
[TimeControl "180+1"]
[EndTime "14:52:54 PDT"]
[Termination "Jospem won on time"]

1. e4 e5 2. Nf3 Nc6 3. Bb5 Nf6 4. d3 Bc5 5. O-O d6 6. Be3 Bxe3 7. fxe3 O-O 8. Bxc6 bxc6 9. Nbd2 Nd7 10. Qe1 c5 11. b3 Nb8 12. Qg3 Nc6 13. Rf2 f6 14.
Nh4 Be6 15. Nc4 Qd7 16. Raf1 Kh8 17. a3 Ne7 18. h3 Rf7 19. Nf3 Raf8 20. Qh2 Bxc4 21.
dxc4 Qc6 22. Qg3 h6 23. Qg4 Qa8 24. Nh4 Qc8 25. Qe2 Kh7 26. g4 Qb7 27. Qf3 Qc8 28. Kh2 g5 29. Ng2 Ng6 30. Rh1 Kg7 31. Kg1 Qe6 32. Kf1 c6 33. Ke1 Rd8 34. Rd2 Rfd7 35. h4 d5 36. hxg5 hxg5 37. cxd5 cxd5 38. exd5 Rxd5 39.
Rxd5 Qxd5 40. Qxd5 Rxd5 41. Ke2 e4 42. Ne1 Ne5 43.
Rg1 a5 44. c3 Kg6 45. Rg2 Rd8 46. b4 cxb4 47. axb4 a4 48. Kf1 a3 49. Ra2 Nc4 50. Ke2 f5 51. b5 fxg4 52. Kf2 1-0

[Event "Late-Titled-Tuesday-Blitz-October-10-2023"]
[Site "Chess.com"]
[Date "2023.10.10"]
[Round "5"]
[White "NateSolon"]
[Black "Flaccidmoves"]
[Result "1-0"]
[WhiteElo "2581"]
[BlackElo "2410"]
[TimeControl "180+1"]
[EndTime "14:52:55 PDT"]
[Termination "NateSolon won by checkmate"]

1. d4 Nf6 2. Bf4 g6 3. Nf3 Bg7 4. e3 O-O 5. Be2 d6 6. h3 b6 7. O-O Bb7 8. c4 c5 9. Bh2 cxd4 10. Nxd4 Nc6 11. Bf3 Qd7 12. Nc3 Rac8 13. b3 Nxd4 14. exd4 Bxf3 15. Qxf3 a6 16. a4 Rc7 17. Rad1 Rfc8 18.
Rfe1 h6 19. Rd3 Kh7 20. d5 Qf5 21. Qxf5 gxf5 22. Rf3 Kg6 23. Ne2 Ne4 24. Nf4+ Kh7 25. Nh5 Bc3 26. Rxe4 fxe4 27. Rxc3 Kg6 28. Nf4+ Kf5 29.
g4+ Kf6 30. Re3 b5 31. axb5 axb5 32. Rxe4 bxc4 33. bxc4 Rxc4 34. Nh5+ Kg5 35. Rxe7 R8c7 36. Rxc7 Rxc7 37. Bxd6 Rd7 38. Bf4+ Kh4 39. Nf6 Rb7 40. Kg2 Rb3 41. d6 Rd3 42. d7 h5 43. Bc7 hxg4 44. hxg4 Kg5 45. d8=Q Rxd8 46. Bxd8 Kf4 47. f3 Kg5 48.
Kg3 Kg6 49. f4 Kg7 50. f5 Kh8 51. Ne4 Kg7 52. Bf6+ Kh6 53. Kf4 Kh7 54. Ke5 Kh6 55.
Kd6 Kh7 56. Ke7 Kh6 57. Kxf7 Kh7 58. Bd4 Kh6 59. g5+ Kh7 60. g6+ Kh6 61. g7 Kh5 62.
g8=Q Kh4 63. Qg5+ Kh3 64. Qg3# 1-0

[Event "Late-Titled-Tuesday-Blitz-October-10-2023"]
[Site "Chess.com"]
[Date "2023.10.10"]
[Round "5"]
[White "egnfanclub"]
[Black "midedu"]
[Result "0-1"]
[WhiteElo "2352"]
[BlackElo "2081"]
[TimeControl "180+1"]
[EndTime "14:52:55 PDT"]
[Termination "midedu won by resignation"]

1. e4 c5 2. Nc3 Nc6 3. f4 d6 4.
Nf3 e6 5. Bb5 Bd7 6. O-O g6 7.
d3 Bg7 8. Bxc6 Bxc6 9. Qe1 Ne7 10. Bd2 Qd7 11. a4 h6 12. Qg3 O-O 13. Qh4 f5 14. e5 d5 15. b3 d4 16. Nb1 b6 17.
Na3 Rad8 18. Nc4 Nc8 19. Qg3 Kh7 20. Nh4 Qf7 21. Qh3 Rg8 22. Nf3 Qe7 23. Ng5+ Kh8 24. Rae1 Bf8 25. Nd6 Nxd6 26. exd6 Rxd6 27. Re2 Bg7 28.
Rfe1 Bd5 29. Nf3 Bxf3 30. Qxf3 Re8 31. h3 Kh7 32. g4 Qf7 33. Rg2 Rdd8 34. h4 fxg4 35.
Qxg4 Qf5 36. Qg3 h5 37. Qf3 e5 38. Rg5 Qf7 39. Qg3 exf4 40. Qf2 Rxe1+ 41. Qxe1 Re8 42. Qf2 f3 43. Rg3 Re2 44. Rxf3 Rxf2 45. Rxf2 Qe6 46.
Bg5 Be5 47. Kg2 Qg4+ 48. Kf1 Bg3 49. Rf7+ Kg8 50. Re7 Bxh4 51. Re8+ Kf7 52. Re7+ Kf8 53. Re4 Qxg5 0-1

[Event "Late-Titled-Tuesday-Blitz-October-10-2023"]
[Site "Chess.com"]
[Date "2023.10.10"]
[Round "5"]
[White "MaxLeto"]
[Black "JoakimVonAnd"]
[Result "0-1"]
[WhiteElo "2498"]
[BlackElo "2682"]
[TimeControl "180+1"]
[EndTime "14:52:57 PDT"]
[Termination "JoakimVonAnd won on time"]

1. g4 d5 2. Bg2 Bxg4 3. c4 c6 4. Qb3 e6 5. Qxb7 Nd7 6. Nc3 Qc8 7. Qxc8+ Rxc8 8. d3 Ngf6 9. Nf3 Bd6 10. h3 Bh5 11.
Bd2 O-O 12. Rg1 Rb8 13. O-O-O Rfc8 14. Nd4 Be5 15. Nf3 Bd6 16. Nd4 Bc5 17. Nb3 Bxf2 18. Rgf1 Bg3 19. Bf3 Bg6 20. Na5 Bf5 21. e4 Bxh3 22.
Rh1 Bg4 23. Bxg4 Nxg4 24. Rhg1 Bc7 25. Nxc6 Nf2 26. Nxb8 Bxb8 27. Rdf1 Nxd3+ 28. Kc2 dxc4 29. Bh6 Be5 30. Be3 a6 31. Nd1 Rb8 32. Bd2 N7c5 33. Bc3 Bxc3 34. bxc3 Nxe4 35. Rg4 f5 36. Rh4 h6 37. Rg1 Kh7 38. Rgh1 a5 39. R1h3 a4 40. Rxd3 cxd3+ 41. Kxd3 a3 42. Ne3 Rb2 43. Nc4 Rxa2 44. Rh3 Nf2+ 45. Kd4 Nxh3 46. Ke5 Re2+ 47. Kd6 a2 0-1

[Event "Late-Titled-Tuesday-Blitz-October-10-2023"]
[Site "Chess.com"]
[Date "2023.10.10"]
[Round "5"]
[White "LeninGuerra"]
[Black "BeyondMadness"]
[Result "1-0"]
[WhiteElo "2617"]
[BlackElo "2318"]
[TimeControl "180+1"]
[EndTime "14:52:57 PDT"]
[Termination "LeninGuerra won on time"]

1. e4 c5 2. Nf3 d6 3. d4 cxd4 4. Nxd4 Nf6 5. Nc3 a6 6. Be2 e6 7. O-O Be7 8. a4 O-O 9. Kh1 Qc7 10. f4 Nc6 11. Nb3 b6 12. Bf3 Rb8 13. g4 Na5 14. g5 Nd7 15. Bg2 Bb7 16. Qg4 g6 17. Rf3 Rfe8 18.
h4 Bf8 19. h5 Nxb3 20. cxb3 Nc5 21. Rh3 Nxb3 22. Rb1 d5 23. hxg6 fxg6 24. exd5 Nxc1 25.
Rxc1 exd5 26. Rd3 d4 27. Rxd4 Bg7 28. Qd7 Bxg2+ 29. Kxg2 Re7 30. Qd5+ Kh8 31. Rc4 Qd7 32. Qxd7 Rxd7 33. Ne4 h6 34. gxh6 Bxh6 35. Kf3 Rf8 36. Ng3 Rd3+ 37. Kg4 Rb3 38. Rh1 Kg7 39. Rc7+ Rf7 40.
Rxf7+ Kxf7 41. Rxh6 Rxb2 42. Ne4 Rb4 43. Ng5+ Kg7 44. Rh7+ Kg8 45. Rb7 Rxa4 46. Rxb6 Kg7 47. Rb7+ Kg8 48. Nh7 a5 49. Nf6+ Kf8 50. Kg5 Ra1 51.
Kxg6 Rg1+ 52. Kf5 a4 53. Ra7 1-0

[Event "Late-Titled-Tuesday-Blitz-October-10-2023"]
[Site "Chess.com"]
[Date "2023.10.10"]
[Round "5"]
[White "subham777"]
[Black "Arimin1329"]
[Result "1-0"]
[WhiteElo "2530"]
[BlackElo "2306"]
[TimeControl "180+1"]
[EndTime "14:52:58 PDT"]
[Termination "subham777 won by resignation"]

1. e4 c6 2. c4 d5 3. cxd5 cxd5 4. exd5 Nf6 5. Nc3 g6 6. Nf3 Bg7 7. Bc4 O-O 8. O-O Nbd7 9. d6 e6 10. d4 Nb6 11. Bb3 Qxd6 12. Re1 Bd7 13. Ne5 Bc6 14.
Nxc6 Qxc6 15. Be3 Rfd8 16. Rc1 Qd7 17. Qf3 Nfd5 18. Bg5 Rdc8 19. Nxd5 Nxd5 20. Rcd1 h6 21. Bh4 Nb6 22. d5 Nxd5 23. Bxd5 exd5 24. Re7 Qf5 25. Qxf5 gxf5 26. Rxb7 Rc2 27. h3 Be5 28. Rb5 Re8 29.
Rbxd5 Bxb2 30. Rxf5 Rc1 31. Rxc1 Bxc1 32. Ra5 Bf4 33.
Bg3 Bxg3 34. fxg3 Re7 35. Kf2 Kg7 36. g4 Kg6 37. Kf3 Rb7 38. Ra6+ Kg7 39. h4 Rc7 40. Kf4 Re7 41. g5 hxg5+ 42. Kxg5 Rb7 43. g4 Rc7 44. h5 Rc5+ 45. Kh4 Rc7 46. a4 Rb7 47. a5 Rc7 48. Rd6 Rc5 49. a6 Ra5 50.
g5 Ra4+ 51. Kg3 Kf8 52. h6 Kg8 53. Rd8+ Kh7 54. Rd7 Rxa6 55. Rxf7+ Kh8 56. Kg4 Kg8 57. Rb7 Ra1 58. Kh5 a5 59. Kg6 Kf8 60. h7 Rh1 61. Rb8+ Ke7 62. h8=Q 1-0

[Event "Late-Titled-Tuesday-Blitz-October-10-2023"]
[Site "Chess.com"]
[Date "2023.10.10"]
[Round "5"]
[White "Bauman_Guy"]
[Black "GMBenjaminBok"]
[Result "0-1"]
[WhiteElo "2854"]
[BlackElo "3016"]
[TimeControl "180+1"]
[EndTime "14:52:59 PDT"]
[Termination "GMBenjaminBok won by checkmate"]

1. e4 c5 2. Nf3 d6 3. d4 cxd4 4.
Nxd4 Nf6 5. Nc3 a6 6. h3 e5 7. Nde2 h5 8. Bg5 Be6 9. Nc1 Nbd7 10. Be2 Be7 11. Nb3 Rc8 12. O-O b5 13. a4 b4 14.
Nd5 Nxd5 15. exd5 Bf5 16. Bxe7 Qxe7 17. Bxa6 Rxc2 18. Rc1 Rxc1 19. Qxc1 O-O 20. Qe3 Nf6 21. Rd1 Qc7 22. Rc1 Qb8 23. Bb5 Nxd5 24. Qd2 Be6 25. Na5 Rc8 26. Nc6 Qb6 27. g3 g6 28. Qd3 Kg7 29. a5 Qb7 30. a6 Qb6 31. a7 Nc7 32. Ba4 Ne8 33. Rd1 Bd7 34. Nb8 Bxa4 35. a8=Q Bxd1 36.
Qxd1 Rxb8 37. Qad5 Rc8 38. Kg2 Rc7 39. h4 Rc5 40. Qe4 Nf6 41. Qe3 Qc6+ 42. Qdf3 e4 43.
Qfe2 Re5 44. Kg1 Ng4 45. Qd4 e3 46. f4 Qc1+ 47. Qf1 Qc2 48. Qg2 e2 49. fxe5 e1=Q+ 50. Qf1 Qh2# 0-1

[Event "Late-Titled-Tuesday-Blitz-October-10-2023"]
[Site "Chess.com"]
[Date "2023.10.10"]
[Round "5"]
[White "ArtemDyachuk"]
[Black "Eliwood44"]
[Result "0-1"]
[WhiteElo "2616"]
[BlackElo "2496"]
[TimeControl "180+1"]
[EndTime "14:53:01 PDT"]
[Termination "Eliwood44 won on time"]

1. e4 e5 2. Nf3 Nc6 3. Bb5 Nf6 4.
O-O Nxe4 5. d4 Nd6 6. dxe5 Nxb5 7. a4 Nbd4 8. Nxd4 Nxd4 9. Qxd4 d5 10. exd6 Qxd6 11.
Qe4+ Qe6 12. Qd4 Qd6 13. Qe3+ Qe6 14. Qc3 Qd6 15. Na3 c6 16. Nc4 Qb4 17. Qe3+ Be6 18. b3 Qc5 19. Qe2 Be7 20. Ba3 Qg5 21. f4 Qf6 22. f5 Bxc4 23. bxc4 Kf8 24. Qf3 Re8 25. Rae1 Kg8 26. Qe3 Kf8 27. Bxe7+ Rxe7 28. Qxa7 g6 29.
fxg6 Rxe1 30. g7+ Kxg7 31. Rxe1 Rd8 32. Qe3 Qd4 33. h3 Qxe3+ 34. Rxe3 Rd4 35. Rc3 Kf6 36. Kf2 Ke5 37. Ke3 f5 38. Rb3 Rxc4 39. Rxb7 Rxc2 40.
Kf3 Rc3+ 41. Kf2 h5 42. Rh7 Rc2+ 43. Kg3 Ra2 44. Rxh5 Rxa4 45. Kf3 Ra3+ 46. Kf2 Ke4 47. Rh6 c5 48. Re6+ Kd5 49. Re2 c4 50. h4 c3 51.
h5 Ra6 52. Kg3 Kd4 53. Kh4 Kd3 54. Re1 Kd2 55. Rf1 c2 56. Kg5 f4 57. h6 Re6 0-1

[Event "Late-Titled-Tuesday-Blitz-October-10-2023"]
[Site "Chess.com"]
[Date "2023.10.10"]
[Round "5"]
[White "kuli4ik"]
[Black "ameetghasi100"]
[Result "0-1"]
[WhiteElo "2922"]
[BlackElo "2741"]
[TimeControl "180+1"]
[EndTime "14:53:02 PDT"]
[Termination "ameetghasi100 won by resignation"]

1. Nf3 Nf6 2. c4 g6 3. b3 Bg7 4. Bb2 O-O 5. g3 c6 6. Bg2 d5 7. O-O a5 8. Nc3 Bg4 9. Rc1 Na6 10. Ne5 Bf5 11. cxd5 cxd5 12. Nb5 Ne4 13. d4 Nb4 14. a3 Na2 15. Ra1 Qb6 16. a4 Nb4 17. Rc1 Rac8 18.
e3 Nd6 19. Nc3 Ne4 20. Nxe4 Bxe4 21. Qd2 Bxe5 22. dxe5 Nd3 23. Rxc8 Rxc8 24. Bd4 Qb4 25. Qxb4 axb4 26. f3 Bf5 27. Rd1 Nc1 28. g4 Be6 29. Kf2 Nxb3 30. Rb1 Rc2+ 31. Kg3 Nxd4 32.
exd4 Rc4 33. Kf2 Rxd4 34. Ke3 Rc4 35. Bf1 Rc3+ 36. Kd4 Rxf3 37. Bd3 Rf4+ 38. Kc5 Rxg4 39. Kb6 b3 40. Rxb3 Rxa4 41. Kxb7 d4 42. Rb2 Ra3 43.
Bc2 d3 44. Bd1 Ra5 45. Kc7 Rxe5 46. Kd8 Bf5 47. Rd2 Kg7 48. Kc7 Re1 49. Kc6 e5 50. Kc5 e4 0-1

[Event "Late-Titled-Tuesday-Blitz-October-10-2023"]
[Site "Chess.com"]
[Date "2023.10.10"]
[Round "5"]
[White "baki83"]
[Black "karwowskikacper"]
[Result "1-0"]
[WhiteElo "2821"]
[BlackElo "2553"]
[TimeControl "180+1"]
[EndTime "14:53:02 PDT"]
[Termination "baki83 won on time"]

1. Nf3 Nf6 2. b3 d5 3. Bb2 Bf5 4. e3 e6 5. Be2 h6 6. O-O Be7 7. d3 O-O 8. Nbd2 Bh7 9. Ne5 Nbd7 10. f4 Nxe5 11. fxe5 Nd7 12. Qe1 f6 13. exf6 Bxf6 14. Bxf6 Rxf6 15. Qg3 e5 16. Bg4 Rxf1+ 17. Rxf1 Nf6 18.
Be6+ Kh8 19. Bf5 Qe7 20. Bxh7 Kxh7 21. Rf5 Re8 22. Nf3 e4 23. Ne5 exd3 24. cxd3 Qe6 25. Qg6+ Kg8 26. d4 Rf8 27. Rf4 Qa6 28. h3 Qxa2 29.
Kh2 Qxb3 30. Rf3 Qb6 31. Rg3 Ne8 32. Qg4 Qd6 33. Qc8 Nf6 34. Qxb7 Ne4 35. Rg4 Re8 36. Qb3 Rxe5 37. dxe5 Qxe5+ 38. Kg1 Qa1+ 39. Kh2 Qe5+ 40. g3 c6 41. Kg2 Nf6 42. Rf4 Kh7 43.
Qc2+ Kg8 44. Qd3 Qb2+ 45. Rf2 Qe5 46. Qd4 Qe6 47. Rc2 1-0

[Event "Late-Titled-Tuesday-Blitz-October-10-2023"]
[Site "Chess.com"]
[Date "2023.10.10"]
[Round "5"]
[White "BardArtem"]
[Black "KorolDimitriy75"]
[Result "1-0"]
[WhiteElo "2783"]
[BlackElo "2414"]
[TimeControl "180+1"]
[EndTime "14:53:05 PDT"]
[Termination "BardArtem won on time"]

1. e4 c5 2. c3 d5 3. exd5 Qxd5 4.
d4 cxd4 5. cxd4 Nc6 6. Nf3 e5 7. Nc3 Bb4 8. Bd2 Bxc3 9. Bxc3 e4 10. Ne5 Nxe5 11. dxe5 Ne7 12. Qa4+ Bd7 13. Qa3 e3 14. f3 Rc8 15. Rd1 Qc5 16. Qxc5 Rxc5 17.
Bd4 Rc2 18. Bxe3 Rxb2 19. Rd2 Rb1+ 20. Rd1 Rb2 21. Bxa7 Rxa2 22. Bc5 Bc6 23. Bf2 O-O 24.
Bc4 Rc2 25. Bd3 Ra2 26. O-O Ng6 27. e6 fxe6 28. Bc4 Rc2 29. Bxe6+ Kh8 30. Rc1 Rxc1 31. Rxc1 Nf4 32. Bc4 Rd8 33. Be3 Nd5 34. Rd1 h6 35. Bc1 Rd7 36. Bb2 Nb6 37. Rxd7 Bxd7 38. Bb3 Bc6 39. Kf2 Nd5 40. g3 Kh7 41. f4 Nf6 42. Ke3 Ng4+ 43. Kd4 Nxh2 44. Bc2+ g6 45. Ke5 Ng4+ 46. Kd6 Ne3 47. Bd3 h5 48. Ke7 Nf5+ 49. Kf6 Nxg3 50. Bxg6+ 1-0